 Dungeon Crawl Stone Soup version 0.14-a0-155-gd989017 (webtiles) character file.

142 Malachi the Skirmisher (level 4, 25/43 HPs)
             Began as a Naga Fighter on Oct 4, 2013.
             Got out of the dungeon alive.
             The game lasted 00:02:09 (1233 turns).

Malachi the Skirmisher (Naga Fighter)               Turns: 1233, Time: 00:02:09

HP  25/43        AC  6     Str 20      XL: 4   Next: 36%
MP   3/3         EV  3     Int  8      God:
Gold 64          SH 17     Dex 10      Spells:  0 memorised,  3 levels left

Res.Fire  : . . .   See Invis. : +   a - +0 mace
Res.Cold  : . . .   Warding    : .   g - +0 chain mail
Life Prot.: . . .   Conserve   : .   c - +0 shield
Res.Poison: +       Res.Corr.  : .   (no helmet)
Res.Elec. : .       Clarity    : .   (no cloak)
Sust.Abil.: . .     Spirit.Shd : .   (no gloves)
Res.Mut.  : .       Stasis     : .   (no barding)
Res.Rott. : .       Flight     : .   (no amulet)
Saprovore : . . .                    (no ring)
                                     (no ring)

@: very slow, slightly resistant to hostile enchantments, extremely unstealthy
A: spit poison, see invisible, deformed body, poison resistance, slowness 2, AC
+1
a: Spit Poison


You escaped.
You were not hungry.

You visited 1 branch of the dungeon, and saw 2 of its levels.

You collected 44 gold pieces.

Inventory:

Hand weapons
 a - a +0,+0 mace (weapon)
Armour
 b - a +0 scale mail
 c - a +0 shield (worn)
 g - a +0 chain mail (worn)
Comestibles
 d - a bread ration
 l - a meat ration
Scrolls
 e - 3 scrolls of teleportation {unknown}
 h - 4 scrolls of remove curse {unknown}
 i - 2 scrolls of identify {unknown}
 n - a scroll of recharging {unknown}
 r - a scroll of fear {unknown}
 t - a scroll of noise {unknown}
Jewellery
 f - an uncursed ring of magical power {unknown}
 k - an uncursed ring of protection from fire {unknown}
Potions
 j - a potion of mutation {unknown}
 m - a potion of agility {unknown}
 o - a potion of heal wounds {unknown}
 p - a potion of confusion {unknown}
 q - a potion of flight {unknown}
 s - a potion of curing {unknown}


   Skills:
 + Level 3.5 Fighting
 + Level 2.5 Maces & Flails
 + Level 3.0 Armour
 + Level 0.8 Dodging
 + Level 0.4 Stealth
 + Level 2.7 Shields


You had 3 spell levels left.
You didn't know any spells.

Dungeon Overview and Level Annotations

Branches:
Dungeon (2/27)

Altars:


Innate Abilities, Weirdness & Mutations

You cannot wear boots.
You can spit poison.
Your serpentine skin is tough (AC +1).
You have supernaturally acute eyesight.
Armour fits poorly on your strangely shaped body.
Your system is resistant to poisons.
You cover ground very slowly.


Message History

You closely miss the gnoll.
The gnoll is heavily wounded.
You block the gnoll's attack.
You sock the gnoll!
The gnoll is almost dead.
The gnoll barely misses you.
You hit the gnoll.
You kill the gnoll!
No target in view!
No target in view!
Things that are here:
a whip; a gnoll corpse
Found 7 gold pieces and a scroll labeled FIH CEMAOR.
There is a stone staircase leading up here.
You climb upwards.
There is a stone staircase leading down here.
You see here 19 darts.
There is a staircase leading out of the dungeon here.
Are you sure you want to leave the Dungeon?
This will make you lose the game!
You have escaped!

#.### #.....## # #.#.##
#####....## ##
##....####.#.#.....####.
#.>......'.#.#.....'....
#.#...####.#.#.....####.
#.##.## ###.#....## ##
#.#### #.#...### # ##.##
######.#####8##### #...#
#@..........(..... #...#
######.#####8##### #...#
#######.#.###### ##.##
#.....#.#......#### #.#
##.#####.#..........
##.###......#.#...##.####
##.#.##..#####.#.(.##...#
#.###........###.##..##.#
##.#.##..####..#.#8..8#.#


There were no monsters in sight!

Vanquished Creatures
  An adder (D:2)
  3 gnolls (D:2)
  A giant gecko (D:1)
  A ball python (D:1)
  2 giant cockroaches
  5 goblins (D:1)
  9 hobgoblins
  10 giant newts
  3 kobolds (D:1)
  5 rats
40 creatures vanquished.

Notes
Turn   | Place    | Note
--------------------------------------------------------------
     0 | D:1      | Malachi, the Naga Fighter, began the quest for the Orb.
     0 | D:1      | Reached XP level 1. HP: 21/21 MP: 0/0
   135 | D:1      | Reached XP level 2. HP: 24/28 MP: 1/1
   589 | D:1      | Reached XP level 3. HP: 27/36 MP: 2/2
  1184 | D:2      | Reached XP level 4. HP: 25/43 MP: 3/3
  1233 | D:$      | Got out of the dungeon alive.

Action                   |  1- 3 |  4- 6 || total
-------------------------+-------+-------++-------
Melee: Mace              |   118 |     8 ||   126
